 Dungeon Crawl Stone Soup version 0.29-a0-121-g8efb068a30 (webtiles) character file.

Game seed: 15308253756379245615

6925 Grim the Fencer (level 11, 0/89 HPs)
             Began as a Hill Orc Fighter on Feb 20, 2022.
             Was an Initiate of Gozag.
             Slain by an unseen horror (4 damage)
             ... on level 10 of the Dungeon.
             The game lasted 00:10:39 (8592 turns).

Grim the Fencer (Hill Orc Fighter)                  Turns: 8592, Time: 00:10:39

Health: 0/89       AC: 19    Str: 18    XL:     11   Next: 7%
Magic:  11/11      EV:  9    Int: 12    God:    Gozag
Gold:   799        SH:  5    Dex: 16    Spells: 10/10 levels left

rFire   . . .      SeeInvis .   C - +10 great sword of Tigeogul {protect, rF- rCorr Str-2 Dex+6}
rCold   . . .      Faith    .   (shield currently unavailable)
rNeg    . . .      Spirit   .   b - +0 scale mail
rPois   .          Reflect  +   r - +1 helmet
rElec   .          Harm     .   A - +0 cloak
rCorr   +          Rampage  .   M - +0 pair of gloves
Will    .....                   q - +0 pair of boots
Stlth   ..........              I - amulet of reflection
HPRegen 0.24/turn               J - ring of protection from fire
MPRegen 0.12/turn               (no ring)

@: brilliant, under a protective aura, hasted, very quick
A: no striking features
a: Renounce Religion, Potion Petition, Call Merchant, Bribe Branch


You were on level 10 of the Dungeon.
You worshipped Gozag.
Gozag was pleased with you.
You visited 1 branch of the dungeon, and saw 10 of its levels.

You collected 1838 gold pieces.
You spent 660 gold pieces at shops.
You paid 379 gold pieces to Gozag.

Inventory:

Hand Weapons
 a - a +0 war axe
 C - the +10 great sword of Tigeogul (weapon) {protect, rF- rCorr Str-2 Dex+6}
   (You found it on level 4 of the Dungeon)

   It grants its wielder temporary protection when it strikes (+7 to AC).
   Str:       It affects your strength (-2).
   Dex:       It affects your dexterity (+6).
   rF:        It makes you vulnerable to fire.
   rCorr:     It protects you from acid and corrosion.
Missiles
 v - 6 curare-tipped darts
 x - 9 boomerangs (quivered)
 E - 16 poisoned darts
 H - 6 javelins
 R - 5 datura-tipped darts
Armour
 b - a +0 scale mail (worn)
 q - a +0 pair of boots (worn)
 r - a +1 helmet (worn)
 A - a +0 cloak (worn)
 M - a +0 pair of gloves (worn)
Jewellery
 c - a ring of flight
 e - an amulet of regeneration
 k - an amulet of magic regeneration
 I - an amulet of reflection (around neck)
 J - a ring of protection from fire (left hand)
 U - a ring of wizardry
Wands
 d - a wand of polymorph (2)
 P - a wand of iceblast (13)
 S - a wand of flame (9)
 T - a wand of digging (5)
Scrolls
 g - 3 scrolls of fear {unknown}
 h - 2 scrolls of immolation {unknown}
 j - a scroll of acquirement {unknown}
 l - 3 scrolls of silence {unknown}
 n - 3 scrolls of fog {unknown}
 o - 7 scrolls of teleportation {unknown}
 p - 13 scrolls of identify {unknown}
 t - 2 scrolls of noise {unknown}
 y - 5 scrolls of enchant weapon {unknown}
 B - 2 scrolls of magic mapping {unknown}
 F - 2 scrolls of enchant armour {unknown}
 L - 2 scrolls of summoning {unknown}
 N - a scroll of brand weapon {unknown}
Potions
 f - a potion of berserk rage {unknown}
 i - 3 potions of cancellation {unknown}
 m - 4 potions of degeneration {unknown}
 s - a potion of mutation {unknown}
 u - 3 potions of curing {unknown}
 w - a potion of flight {unknown}
 z - 5 potions of heal wounds {unknown}
 D - 3 potions of haste {unknown}
 K - a potion of lignification {unknown}
 O - 2 potions of attraction {unknown}
 Q - a potion of ambrosia {unknown}
Miscellaneous
 G - a phial of floods


   Skills:
 + Level 5.9 Fighting
 * Level 15.3 Long Blades
 - Level 10.1 Axes
 - Level 3.2 Armour
 - Level 3.2 Shields


You had 10 spell levels left.
You didn't know any spells.
Your spell library contained the following spells:

 Spells                   Type           Power      Damage    Failure   Level
 Beastly Appendage        Tmut           0%         N/A       71%         1
 Corpse Rot               Necr/Air       0%         N/A       83%         2
 Poisonous Vapours        Pois/Air       0%         N/A       83%         2
 Wereblood                Tmut           0%         N/A       83%         2
 Call Canine Familiar     Summ           0%         N/A       97%         3
 Portal Projectile        Hex/Tloc       0%         N/A       97%         3
 Spider Form              Tmut/Pois      0%         N/A       97%         3
 Leda's Liquefaction      Hex/Erth       0%         N/A       100%        4


Dungeon Overview and Level Annotations

Branches:
Dungeon (10/15)            Temple (0/1) D:5            Lair (0/6) D:9
    Orc: D:9-12

Altars:
Cheibriados
Dithmenos
Gozag
Hepliaklqana
Kikubaaqudgha
Nemelex Xobeh
Okawaru
Qazlal
Vehumet
Wu Jian
Xom
Beogh

Shops:
D:6 =   D:7 !   D:9 (


Message History

Something hits you!
* * * LOW HITPOINT WARNING * * *
Something hits you.
* * * LOW HITPOINT WARNING * * *
Something hits you!
* * * LOW HITPOINT WARNING * * *
Something hits you but does no damage.
You closely miss something. Something hits you.
* * * LOW HITPOINT WARNING * * *
Something hits you but does no damage.
You slash something!
Your weapon exudes an aura of protection.
Something hits you.
* * * LOW HITPOINT WARNING * * *
Something hits you.
* * * LOW HITPOINT WARNING * * *
Something hits you but does no damage. x2
You slash something! Something hits you but does no damage. Something hits you.
* * * LOW HITPOINT WARNING * * *
You barely miss something. Something hits you.
* * * LOW HITPOINT WARNING * * *
Something hits you.
* * * LOW HITPOINT WARNING * * *
You block something's attack. Something hits you.
* * * LOW HITPOINT WARNING * * *
[a] - 420 gold - haste and brilliance [b] - 364 gold - haste and brilliance [c] - 552 gold - resistance, might and haste Purchase which effect? [a] - 420 gold - haste and brilliance [b] - 364 gold - haste and brilliance [c] - 552 gold - resistance, might and haste Purchase which effect?
You no longer have enough gold to fund merchants seeking to open stores in the dungeon.
You feel yourself speed up.
You feel clever all of a sudden. Something hits you.
You die...
Your body crumbles into a pile of gold.

# #........###
#...........# #
####.....# #...........#
###...# ######'######
##### #...# ##'##### ###
#.....(# #.# #....<.#
#.###### #......#
#.'..@.####......#
#..>....####....'....<.#
#.?.....# ######......#
#.......# #......'.
#####+### #......##
###'#### .# ########+###
.. ####..........# #..


There were no monsters in sight!

Vanquished Creatures
  A two-headed ogre (D:8)
  A hornet (D:8)
  Grinder (D:3)
  14 yaks
  A wyvern (D:8)
  4 vampire mosquitoes (D:10)
  Edmund (D:6)
  A water moccasin (D:5)
  2 acid dragons (D:10)
  Duvessa (D:4)
  3 orc warriors (D:10)
  2 sky beasts
  2 ice beasts
  An ogre (D:10)
  A centaur (D:9)
  2 phantoms (D:6)
  2 kobold brigands
  A bullfrog (D:8)
  2 scorpions
  Dowan (D:4)
  7 wights (D:8)
  2 howler monkeys
  A centaur zombie (D:9)
  A gnoll shaman (D:8)
  2 jellies
  Crazy Yiuf (D:3)
  2 bullfrog skeletons
  7 orc priests
  2 centaur skeletons
  A hound (D:4)
  9 orc wizards
  Natasha (thrice) (D:2)
  2 killer bee zombies
  A hound skeleton (D:5)
  A howler monkey zombie (D:9)
  5 gnolls (D:8)
  6 adders
  A shadow imp (D:8)
  2 worms
  A dart slug (D:1)
  42 orcs
  5 ball pythons
  7 endoplasms
  5 giant cockroaches
  10 hobgoblins
  7 jackals
  2 quokkas
  2 bats
  2 frilled lizards (D:1)
  11 goblins
  16 kobolds
  7 rats
217 creatures vanquished.

Vanquished Creatures (others)
  A plant (D:7)
1 creature vanquished.

Grand Total: 218 creatures vanquished

Notes
Turn   | Place    | Note
-------+----------+-------------------------------------------
     0 | D:1      | Grim the Hill Orc Fighter began the quest for the Orb.
     0 | D:1      | Reached XP level 1. HP: 19/19 MP: 1/1
    50 | D:1      | Reached XP level 2. HP: 23/26 MP: 2/2
   341 | D:1      | Reached XP level 3. HP: 31/31 MP: 3/3
   761 | D:1      | Reached skill level 5 in Axes
   845 | D:2      | Noticed Natasha
   848 | D:2      | Killed Natasha
   849 | D:2      | Reached XP level 4. HP: 39/39 MP: 4/4
   883 | D:2      | Found an opulent altar of Gozag.
   970 | D:2      | Became a worshipper of Gozag Ym Sagoz the Greedy
  1010 | D:2      | Noticed Natasha
  1016 | D:2      | Killed Natasha
  1130 | D:2      | Found a faded altar of an unknown god.
  1132 | D:2      | Noticed Natasha
  1139 | D:2      | Killed Natasha
  1140 | D:2      | Reached XP level 5. HP: 44/45 MP: 5/5
  1705 | D:3      | Reached XP level 6. HP: 38/51 MP: 6/6
  2008 | D:3      | Found a shadowy altar of Dithmenos.
  2101 | D:3      | Noticed Grinder
  2120 | D:3      | Killed Grinder
  2121 | D:3      | Reached skill level 10 in Axes
  2121 | D:3      | Reached XP level 7. HP: 45/57 MP: 7/7
  2389 | D:3      | Found a runed translucent door.
  2390 | D:3      | Noticed Crazy Yiuf
  2470 | D:3      | Killed Crazy Yiuf
  2608 | D:4      | Identified the +10 great sword of Tigeogul {protect, rF-
                  | rCorr Str-2 Dex+6}
  2632 | D:4      | Reached skill level 1 in Long Blades
  2737 | D:4      | Found a hazy altar of Hepliaklqana.
  2829 | D:4      | Reached skill level 2 in Long Blades
  2915 | D:4      | Reached skill level 3 in Long Blades
  3013 | D:4      | Reached skill level 4 in Long Blades
  3087 | D:4      | Noticed Duvessa
  3094 | D:4      | Noticed Dowan
  3095 | D:4      | Killed Duvessa
  3096 | D:4      | Reached skill level 5 in Long Blades
  3096 | D:4      | Reached XP level 8. HP: 61/64 MP: 8/8
  3117 | D:4      | Killed Dowan
  3242 | D:5      | Entered Level 5 of the Dungeon
  3315 | D:5      | Reached skill level 6 in Long Blades
  3373 | D:5      | Found a staircase to the Ecumenical Temple.
  3385 | D:5      | Reached skill level 7 in Long Blades
  3439 | D:5      | Found a shimmering altar of Xom.
  4054 | D:6      | Found an ornate altar of the Wu Jian Council.
  4057 | D:6      | Found Doduc's Jewellery Emporium.
  4066 | D:6      | Bought an amulet of reflection for 360 gold pieces
  4066 | D:6      | Bought a ring of protection from fire for 300 gold pieces
  4173 | D:6      | Found a sparkling altar of Nemelex Xobeh.
  4184 | D:6      | Reached skill level 8 in Long Blades
  4477 | D:6      | Reached XP level 9. HP: 70/70 MP: 9/9
  4480 | D:6      | Reached skill level 9 in Long Blades
  4565 | D:6      | Noticed Edmund
  4572 | D:6      | Killed Edmund
  4857 | D:6      | Found a stormy altar of Qazlal.
  5165 | D:7      | Found Qoishrux's Distillery.
  5214 | D:7      | You fall into a shaft and drop 1 floor!
  5229 | D:8      | Reached skill level 10 in Long Blades
  5241 | D:8      | Reached skill level 11 in Long Blades
  5438 | D:8      | Found a radiant altar of Vehumet.
  5632 | D:8      | Noticed a hornet
  5636 | D:8      | Killed a hornet
  5637 | D:8      | Reached skill level 12 in Long Blades
  5672 | D:8      | Noticed a two-headed ogre
  5677 | D:8      | Reached XP level 10. HP: 70/77 MP: 10/10
  5680 | D:8      | Killed a two-headed ogre
  5681 | D:8      | Reached skill level 13 in Long Blades
  6262 | D:8      | Reached skill level 14 in Long Blades
  6294 | D:8      | Found a snail-covered altar of Cheibriados.
  6821 | D:8      | Found an ancient bone altar of Kikubaaqudgha.
  7560 | D:9      | Found Asienaxi's Weapon Shop.
  7779 | D:9      | Found a staircase to the Lair.
  7991 | D:10     | Entered Level 10 of the Dungeon
  8059 | D:10     | Reached skill level 5 in Fighting
  8068 | D:10     | Reached skill level 15 in Long Blades
  8142 | D:10     | Found an iron altar of Okawaru.
  8215 | D:10     | Reached XP level 11. HP: 28/88 MP: 11/11
  8509 | D:10     | Found a roughly hewn altar of Beogh.
  8591 | D:10     | HP: 4/89 [something (6)]
  8592 | D:10     | Slain by an unseen horror

Illustrated notes

Levels and vault maps discovered:
D:1:      ebering_trefoil_3fold, layout_basic
D:2:      layout_rooms, basic_altar, basic_ecumenical_altar,
          minmay_tetromino_s4, uniq_natasha
D:3:      cheibrodos_pilgrimage, layout_basic, nicolae_dithmenos_shadow_blocks,
          kennysheep_another_room, uniq_crazy_yiuf_cottage, uniq_grinder
D:4:      layout_loops_ring, mainiacjoe_overflow_alcove_2, uniq_duvessa
D:5:      layout_loops_ring, mainiacjoe_overflow_cross_hatched,
          minmay_temple_entry_arrows, nrook_loot_triangle
D:6:      layout_basic, lemuel_coloured_pillars_altar,
          mainiacjoe_overflow_tiny_flanked, mainiacjoe_overflow_six_doors_small,
          serial_shops, shop, uniq_edmund
D:7:      minmay_inner_zag, layout_basic, serial_shops, nicolae_shop_stone,
          interstate_on_off, hex_medium, serial_bayou_pond_c
D:8:      layout_basic, vehumet_crystals, kennysheep_little_box, kennysheep_mini
D:9:      layout_small_grid, lair_entry_dummy, serial_shops, shop
D:10:     layout_roguey [special_room_orc], old_standard_altar, tso_altar,
          nicolae_yredelemnul_corpse_copse

Skill      XL: |  1  2  3  4  5  6  7  8  9 10 |
---------------+-------------------------------+-----
Axes           | 3 4 5 6 8 10 | 10.1
Long Blades    | 5 8 12 15 | 15.3
Fighting       | 5 |  5.9
Armour         | |  3.2
Shields        | |  3.2

Action                   |  1- 3 |  4- 6 |  7- 9 | 10-12 || total
-------------------------+-------+-------+-------+-------++-------
Melee: War axe           |    66 |   139 |    51 |       ||   256
       Great sword       |       |       |   160 |   172 ||   332
Throw: Dart              |       |     2 |       |       ||     2
Invok: Potion Petition   |       |       |       |     1 ||     1
  Use: Potion            |       |       |       |     1 ||     1
 Stab: Distracted        |       |     1 |       |     1 ||     2
Armor: Scale mail        |    21 |    41 |   134 |    90 ||   286
Dodge: Dodged            |    22 |    54 |    92 |    52 ||   220
Block: Buckler           |    12 |    23 |     8 |       ||    43
       Other             |       |       |    12 |    37 ||    49
       Reflection        |       |       |       |     2 ||     2

Table legend: (Time is in decaauts)
 A = Elapsed time spent in this place.
 B = Non-inter-level travel time spent in this place.
 C = Inter-level travel time spent in this place.
 D = Time resting spent in this place.
 E = Time spent auto-exploring this place.
 F = Levels seen in this place.
 G = Mean time per level.
                   A        B        C        D        E       F      G
               +--------+--------+--------+--------+--------+-----+--------+
         Total |   8703 |   8525 |    178 |   1260 |   5671 |  10 |  870.3 |
       Dungeon |   8703 |   8525 |    178 |   1260 |   5671 |  10 |  870.3 |
               +--------+--------+--------+--------+--------+-----+--------+

Top non-repeatable levels by time:
     D:8: 1658 daAuts
     D:9: 1124 daAuts
     D:3: 1123 daAuts
     D:6: 1010 daAuts
     D:1: 867 daAuts
     D:5: 799 daAuts
     D:4: 738 daAuts
    D:10: 608 daAuts
     D:2: 590 daAuts
     D:7: 182 daAuts
